 Dungeon Crawl Stone Soup version 0.30.1-9-gdf580d7c3d (webtiles) character file.

Game seed: 931533750711169884

1937 pkoi the Zephyrmancer (level 8, -5/57 HPs)
             Began as a Yellow Draconian Air Elementalist on Oct 9, 2023.
             Slain by a lemure (6 damage)
             ... led by Pikel
             ... on level 7 of the Dungeon.
             The game lasted 00:10:49 (8024 turns).

pkoi the Zephyrmancer (DrAE)                        Turns: 8024, Time: 00:10:49

Health: -5/57      AC:  8    Str: 10    XL:     8   Next: 97%
Magic:  1/12       EV: 12    Int: 18    God:
Gold:   262        SH:  0    Dex: 10    Spells: 2/13 levels left

rFire   . .          .
                       - Unarmed
rCold   . . .        (no shield)
rNeg    . . .        (body armour unavailable)
rPois   .            (helmet restricted)
rElec   .            q - +0 cloak
rCorr   +            (no gloves)
SInv    +            p - +0 pair of boots
Will    .....        (no amulet)
Stlth   ++           (no ring)
HPRegen 0.29/turn    (no ring)
MPRegen 0.13/turn

%: no passive effects
@: no status effects
A: spit acid, AC +6, unfitting armour, cold-blooded, acid resistance, see
invisible, clumsy 1, wild magic 1, MP-powered wands
a: Breathe Acid


You were on level 7 of the Dungeon.
You visited 1 branch of the dungeon, and saw 7 of its levels.

You collected 262 gold pieces.

Inventory:

Hand Weapons
 c - a +0 whip
 f - a +1 whip of freezing
 o - a +1 dagger of holy wrath
Missiles
 b - 2 throwing nets
 k - 5 poisoned darts
Armour
 p - a +0 pair of boots (worn)
 q - a +0 cloak (worn)
Jewellery
 h - a +4 ring of protection
 j - a ring of flight
Wands
 d - a wand of digging (7)
 m - a wand of flame (28)
Scrolls
 r - a scroll of vulnerability {unknown}
 u - a scroll of identify
 v - a scroll of amnesia
Potions
 a - a potion of magic
 e - 2 potions of haste
 g - 6 potions of curing
 i - a potion of berserk rage
 l - a potion of attraction {unknown}
 n - 3 potions of flight
 s - a potion of resistance {unknown}
 t - a potion of ambrosia


   Skills:
 - Level 1.7 Dodging
 - Level 1.7 Stealth
 - Level 3.0 Unarmed Combat
 - Level 3.0 Spellcasting
 + Level 4.8 Conjurations
 + Level 3.2 Transmutations
 + Level 3.2 Fire Magic
 + Level 8.2 Air Magic
 + Level 3.2 Poison Magic


You had 2 spell levels left.
You knew the following spells:

 Your Spells              Type           Power      Damage    Failure   Level
a - Shock                 Conj/Air       100%       1d9       2%          1
b - Swiftness             Air            42%        N/A       3%          3
c - Static Discharge      Conj/Air       68%        2-5/arc   3%          2
d - Poisonous Vapours     Pois/Air       60%        N/A       4%          2
e - Ignite Poison         Fire/Tmut/Pois 18%        N/A       19%         3

Your spell library contained the following spells:

 Spells                   Type           Power      Damage    Failure   Level
 Cigotuvi's Dreadful Rot  Necr/Pois/Air  42%        N/A       8%          2
 Wereblood                Tmut           18%        N/A       10%         2
 Passwall                 Tmut/Erth      9%         N/A       19%         2
 Sandblast                Erth           6%         2d5       22%         1
 Lesser Beckoning         Tloc           6%         N/A       32%         2
 Sublimation of Blood     Necr           3%         N/A       32%         2
 Mephitic Cloud           Conj/Pois/Air  28%        N/A       9%          3
 Airstrike                Air            21%        2d(3-19)  9%          4
 Stone Arrow              Conj/Erth      28%        3d8       26%         3
 Gell's Gravitas          Tloc           3%         N/A       52%         3
 Teleport Other           Tloc           3%         N/A       52%         3
 Freezing Cloud           Conj/Ice/Air   11%        6-21      67%         5
 Dispersal                Tloc           1%         N/A       100%        6
 Summon Hydra             Summ           1%         N/A       100%        7


Dungeon Overview and Level Annotations

Branches:
Dungeon (7/15)
 Temple: D:4-7

Altars:
Uskayaw

Shops:
D:4 [   D:5 (

Portals:
Abyss: D:5

Annotations:
D:5 2 transporters, sheffield53's ghost, novice DsIE
D:7 Pikel


Innate Abilities, Weirdness & Mutations

You can spit globs of acid.
Your golden yellow scales are hard. (AC +6)
You cannot fit into any form of body armour.
You are cold-blooded and may be slowed by cold attacks.
You are resistant to acid. (rCorr)
You have supernaturally acute eyesight. (SInv)
You are clumsy. (Dex -2)
Your spells are a little harder to cast, but a little more powerful.
You expend magic power (3 MP) to strengthen your wands.


Message History

You are struck by an arc of lightning.
Pikel is struck by an arc of lightning.
Pikel is severely wounded.
The lemure is struck by an arc of lightning.
The lemure is moderately wounded.
The lightning grounds out.
The lemure hits you but does no damage.
Pikel hits you with a +1 whip of flaming!
* * * LOW HITPOINT WARNING * * *
Pikel burns you.
* * * LOW HITPOINT WARNING * * *
Unknown command.
Casting: Static Discharge (safe; 3% risk of failure)
Confirm with . or Enter, or press ? or * to list all spells.
The lemure is struck by an arc of lightning.
The lemure is moderately wounded.
You are struck by an arc of lightning.
* * * LOW HITPOINT WARNING * * *
The lemure is struck by an arc of lightning.
The lemure is almost dead.
Pikel is struck by an arc of lightning.
Pikel is severely wounded.
The lightning grounds out.
The lemure barely misses you.
Pikel hits you with a +1 whip of flaming.
* * * LOW HITPOINT WARNING * * *
Pikel burns you.
* * * LOW HITPOINT WARNING * * *
A lemure comes into view.
Unknown command.
Unknown command.
Casting: Static Discharge (safe; 3% risk of failure)
Confirm with . or Enter, or press ? or * to list all spells.
The lemure is struck by an arc of lightning!
The lemure is moderately wounded.
The lemure is struck by an arc of lightning.
The lemure is heavily wounded.
You are struck by an arc of lightning.
* * * LOW HITPOINT WARNING * * *
The lightning grounds out.
The lemure shouts!
The lemure misses you. The lemure hits you.
You die...

#. ## #. #..
#.##.# #
+..#.# .#
#..#.# .
#..#.#!#
#..55#5##
########@5...#
+........K...#
#########....#
######


You could see Pikel (very poisoned) and 4 lemures.

Vanquished Creatures
  Sigmund (D:6)
  A steam dragon (D:6)
  A water moccasin (D:6)
  An orc warrior (D:6)
  2 ice beasts (D:6)
  2 ogres
  3 phantoms
  2 bullfrogs (D:6)
  2 scorpions
  A howler monkey (D:4)
  2 hounds
  A jelly (D:5)
  An orc priest (D:5)
  A sleepcap (D:6)
  2 iguanas
  3 orc wizards
  11 gnolls
  11 adders
  2 ufetubi (D:4)
  3 worms (D:2)
  4 dart slugs
  9 orcs
  5 ball pythons
  6 endoplasms
  8 giant cockroaches
  2 goblins
  5 hobgoblins
  8 jackals
  3 quokkas
  7 bats
  3 frilled lizards
  12 kobolds
  2 rats
127 creatures vanquished.

Notes
Turn   | Place    | Note
-------+----------+-------------------------------------------
     0 | D:1      | pkoi the Draconian Air Elementalist began the quest for the
                  | Orb.
     0 | D:1      | Reached XP level 1. HP: 14/14 MP: 3/3
   111 | D:1      | Found a faded altar of an unknown god.
   311 | D:1      | Reached XP level 2. HP: 20/20 MP: 3/5
   873 | D:1      | Reached skill level 1 in Unarmed Combat
  1004 | D:1      | Reached XP level 3. HP: 26/26 MP: 4/6
  1079 | D:1      | Reached skill level 4 in Air Magic
  1335 | D:2      | Gained mutation: You are occasionally teleported next to
                  | monsters. [potion of mutation]
  1646 | D:2      | Found a hide-covered altar of Uskayaw.
  1804 | D:2      | Reached XP level 4. HP: 28/33 MP: 3/7
  1907 | D:2      | Lost mutation: You are occasionally teleported next to
                  | monsters. [potion of mutation]
  1907 | D:2      | Gained mutation: You have an increased reservoir of magic.
                  | (+10% MP) [potion of mutation]
  1907 | D:2      | Gained mutation: You sometimes lose your temper in combat.
                  | [potion of mutation]
  2293 | D:3      | Learned a level 3 spell: Swiftness
  2296 | D:3      | Learned a level 2 spell: Static Discharge
  2333 | D:3      | Reached skill level 5 in Air Magic
  2552 | D:3      | You fall into a shaft and drop 1 floor!
  2558 | D:4      | Lost mutation: You sometimes lose your temper in combat.
                  | [potion of mutation]
  2558 | D:4      | Lost mutation: You have an increased reservoir of magic.
                  | (+10% MP) [potion of mutation]
  2558 | D:4      | Gained mutation: You are clumsy. (Dex -2) [potion of
                  | mutation]
  2558 | D:4      | Gained mutation: You expend magic power (3 MP) to
                  | strengthen your wands. [potion of mutation]
  2558 | D:4      | Gained mutation: You have supernaturally acute eyesight.
                  | (SInv) [potion of mutation]
  2558 | D:4      | Gained mutation: Your spells are a little harder to cast,
                  | but a little more powerful. [potion of mutation]
  2624 | D:4      | Reached XP level 5. HP: 29/38 MP: 4/8
  4158 | D:4      | Noticed a phantom
  4310 | D:4      | Reached XP level 6. HP: 33/45 MP: 1/9
  4387 | D:4      | Found Jinnu's Antique Armour Shop.
  4679 | D:4      | Reached skill level 6 in Air Magic
  5272 | D:5      | Entered Level 5 of the Dungeon
  5595 | D:5      | Your scales start taking on a golden yellow colour.
  5595 | D:5      | Reached XP level 7. HP: 50/50 MP: 4/11
  5595 | D:5      | Gained mutation: You are resistant to acid. (rCorr) [Yellow
                  | Draconian growth]
  5658 | D:5      | Noticed sheffield53's ghost (novice DsIE)
  5739 | D:5      | Reached skill level 7 in Air Magic
  5845 | D:5      | Found a transporter.
  5935 | D:5      | Found a one-way gate to the infinite horrors of the Abyss.
  6080 | D:5      | Found Jiaxasor's Antique Weapon Boutique.
  6182 | D:5      | Learned a level 2 spell: Poisonous Vapours
  6277 | D:5      | Found a transporter.
  6486 | D:6      | Learned a level 3 spell: Ignite Poison
  6538 | D:6      | Noticed a steam dragon
  6543 | D:6      | Killed a steam dragon
  6544 | D:6      | Reached skill level 1 in Transmutations
  6544 | D:6      | Reached skill level 1 in Poison Magic
  6698 | D:6      | Reached skill level 1 in Fire Magic
  6698 | D:6      | Reached XP level 8. HP: 54/57 MP: 1/12
  7287 | D:6      | Noticed Sigmund
  7301 | D:6      | Killed Sigmund
  7354 | D:6      | Reached skill level 8 in Air Magic
  8016 | D:7      | Noticed Pikel
  8024 | D:7      | HP: 1/57 [/static electricity (4)]
  8024 | D:7      | Slain by a lemure

Illustrated notes

Levels and vault maps discovered:
D:1:      ebering_trefoil_twist, layout_basic, ebering_ecumenical_altar_webs
D:2:      layout_rooms, basic_altar
D:3:      layout_basic
D:4:      layout_cave_pools, serial_shops, kennysheep_mini
D:5:      layout_cave_pools, serial_shops, shop, gammafunk_ghost_abyssal_escape
D:6:      layout_loops_ring, uniq_sigmund
D:7:      kennysheep_steamy, layout_basic, minmay_temple_entry_mini_moons,
          grunt_decor_mini_mirrors, uniq_pikel

Skill      XL: |  1  2  3  4  5  6  7  8 |
---------------+-------------------------+-----
Unarmed Combat | 1 2 3 |  3.0
Air Magic      | 4 5 6 7 8 |  8.2
Spellcasting   | 3 |  3.0
Conjurations   | 3 4 |  4.8
Transmutations | 1 3 |  3.2
Poison Magic   | 1 3 |  3.2
Fire Magic     | 1 3 |  3.2
Dodging        | |  1.7
Stealth        | |  1.7

Action                     |  1- 3 |  4- 6 |  7- 9 || total
---------------------------+-------+-------+-------++-------
  Melee: Whip              |    12 |    96 |    18 ||   126
         Tailslap          |     1 |     3 |     2 ||     6
         Unarmed           |       |       |    35 ||    35
         Punch             |       |       |     2 ||     2
   Cast: Shock             |    85 |   114 |    92 ||   291
         Static Discharge  |       |    18 |    28 ||    46
         Poisonous Vapours |       |       |     7 ||     7
Ability: Breathe Acid      |       |       |     2 ||     2
    Use: Potion            |     3 |     4 |     1 ||     8
         Scroll            |     1 |     7 |     2 ||    10
   Stab: Sleeping          |       |     1 |       ||     1
 Armour: Skin              |     5 |    47 |    33 ||    85
  Dodge: Dodged            |     7 |    98 |    51 ||   156
